 Dungeon Crawl Stone Soup version 0.17-a0-1411-g06ff558 (webtiles) character file.

102 urechis the Twirler (level 4, -7/26 HPs)
             Began as a Tengu Gladiator on June 23, 2015.
             Killed by divine providence
             ... invoked by an orc priest
              (11 damage)
             ... on level 4 of the Dungeon.
             The game lasted 00:02:51 (1817 turns).

urechis the Twirler (Tengu Gladiator)               Turns: 1817, Time: 00:02:52

Health: -7/26      AC:  5    Str: 15    XL:     4   Next: 78%
Magic:  5/5        EV: 12    Int:  9    God:
Gold:   134        SH:  0    Dex: 15    Spells: 0 memorised, 3 levels left

rFire  . . .     SeeInvis .     a - +0 quarterstaff
rCold  . . .     Clarity  .     k - +0 ring mail (curse)
rNeg   . . .     SustAt   .     (no shield)
rPois  .         Gourm    .     c - +0 hat
rElec  .         Spirit   .     (no cloak)
rCorr  .         Warding  .     (no gloves)
rMut   .         Stasis   .     (boots unavailable)
MR     .....                    (no amulet)
Stlth  +.........               (no ring)
                                (no ring)

@: not resistant to hostile enchantments, very unstealthy
A: beak, talons 3
a: no special abilities


You were on level 4 of the Dungeon.
You were hungry.

You visited 1 branch of the dungeon, and saw 3 of its levels.

You collected 134 gold pieces.

Inventory:

Hand weapons
 a - a +0 quarterstaff (weapon)
Missiles
 d - 3 throwing nets (quivered)
Armour
 c - a +0 hat (worn)
 k - a cursed +0 ring mail (worn)
Scrolls
 i - a scroll of fog {unknown}
 j - 2 scrolls of recharging {unknown}
 l - a scroll of amnesia {unknown}
 m - a scroll of remove curse {unknown}
 p - a scroll of random uselessness {unknown}
Potions
 f - 2 potions of lignification {unknown}
 g - a potion of resistance {unknown}
 n - a potion of mutation {unknown}
Comestibles
 b - a slice of pizza
 e - 2 bread rations
 h - a meat ration


   Skills:
 - Level 2.0 Fighting
 + Level 5.9 Staves
 - Level 2.1 Throwing
 - Level 3.2 Dodging


You had 3 spell levels left.
You didn't know any spells.

Dungeon Overview and Level Annotations

Branches:
Dungeon (4/15)
 Temple: D:4-7

Altars:
Nemelex Xobeh
Ru


Innate Abilities, Weirdness & Mutations

You have a beak for a mouth.
You have claws for feet.


Message History

Your peck misses the orc wizard. The orc wizard barely misses you.
You sock the orc wizard! Your kick misses the orc wizard.
Your peck misses the orc wizard.
The orc wizard is severely wounded.
The orc wizard barely misses you.
You thump the orc wizard!
You kill the orc wizard!
The killer bee zombie barely misses you.
The killer bee zombie hits you.
* * * LOW HITPOINT WARNING * * *
Your ring mail prevents you from hitting the killer bee zombie.
Your kick misses the killer bee zombie.
The killer bee zombie closely misses you.
You closely miss the killer bee zombie. You peck the killer bee zombie.
The killer bee zombie barely misses you.
The killer bee zombie hits you.
* * * LOW HITPOINT WARNING * * *
The orc priest mumbles some strange prayers to Beogh against you.
Something smites you!
You die...

#.# #.# #..
#.> #o#.#
#o#.# #Z#.#
#@#.#
##.#.#
######....#
#....†....#
#.####(.(##
#.#####.##
#...###.#
#.#.....#
#...#####


You could see 2 orc priests and a killer bee zombie.

Vanquished Creatures
  An orc wizard (D:4)
  3 adders (D:2)
  An ooze (D:2)
  2 worms (D:2)
  2 giant geckos
  A bat (D:1)
  3 giant cockroaches (D:2)
  6 goblins
  6 hobgoblins
  4 jackals (D:2)
  A giant newt (D:2)
  4 kobolds
  4 rats
38 creatures vanquished.

Notes
Turn   | Place    | Note
--------------------------------------------------------------
     0 | D:1      | urechis the Tengu Gladiator began the quest for the Orb.
     0 | D:1      | Reached XP level 1. HP: 12/12 MP: 2/2
   131 | D:1      | Reached XP level 2. HP: 14/17 MP: 3/3
   255 | D:1      | Reached skill level 4 in Staves
   722 | D:2      | Reached XP level 3. HP: 19/21 MP: 4/4
  1068 | D:2      | Found a faded altar to an unknown god.
  1068 | D:2      | Found a sacrificial altar of Ru.
  1121 | D:2      | Reached skill level 5 in Staves
  1192 | D:2      | Reached XP level 4. HP: 6/26 MP: 5/5
  1643 | D:2      | Found a sparkling altar of Nemelex Xobeh.
  1778 | D:2      | You fall through a shaft for 2 floors!
  1817 | D:4      | Killed from afar by an orc priest

Vault maps used:
D:1:      minmay_arrival_open_corners, feat_on_display
D:2:      nemelex_altar_shiori, lemuel_crystal_altar, first_bread,
          ecumenical_altar_1, nrook_mini_backslash, minmay_item_behind_shaft
D:4:      elyvilon_altar_4

Action                   |  1- 3 |  4- 6 || total
-------------------------+-------+-------++-------
Melee: Quarterstaff      |    79 |    28 ||   107
  Eat: Chunk             |     1 |     1 ||     2
